 Dungeon Crawl Stone Soup version 0.32-a0-842-gbbb8fdbe59 (webtiles) character file.

Game seed: 1885403856195187890

16 Essalna the Firebug (level 2, 0/20 HPs)
             Began as a Demonspawn Fire Elementalist on Mar 27, 2024.
             Slain by a kobold
             ... wielding a +0 club
              (2 damage)
             ... on level 1 of the Dungeon.
             The game lasted 00:01:33 (525 turns).

Essalna the Firebug (Demonspawn Fire Elementalist)   Turns: 525, Time: 00:01:34

Health: 0/20       AC:  2    Str:  8    XL:     2   Next: 37%
Magic:  1/5        EV: 11    Int: 15    God:
Gold:   31         SH:  0    Dex: 13    Spells: 4/5 levels left

rFire   . . .        c - +0 club
rCold   . . .        (no shield)
rNeg    . . .        a - +0 robe
rPois   .            (no helmet)
rElec   .            (no cloak)
rCorr   .            (no gloves)
SInv    .            (no boots)
Will    .....        (no amulet)
Stlth   ++           (no ring)
HPRegen 0.23/turn    (no ring)
MPRegen 0.09/turn

%: no passive effects
@: very slightly contaminated, wreathed by umbra
A: foul shadow 1
a: no special abilities


You were on level 1 of the Dungeon.
You visited 1 branch of the dungeon, and saw 1 of its levels.

You collected 31 gold pieces.

Inventory:

Hand Weapons
 c - a +0 club (weapon)
Armour
 a - a +0 robe (worn)
Scrolls
 d - a scroll of blinking {unknown}
 f - a scroll of immolation {unknown}
 g - a scroll of revelation {unknown}
Potions
 b - 2 potions of magic
 e - a potion of curing {unknown}


   Skills:
 + Level 0.7 Fighting
 - Level 1.7 Dodging
 - Level 1.7 Stealth
 + Level 2.2 Spellcasting
 + Level 1.4 Conjurations
 + Level 2.9 Fire Magic


You had 4 spell levels left.
You knew the following spells:

 Your Spells              Type           Power      Damage    Failure   Level
a - Foxfire               Conj/Fire      32%        2x1d5     9%          1

Your spell library contained the following spells:

 Spells                   Type           Power      Damage    Failure   Level
 Scorch                   Fire           20%        2d5       10%         2
 Inner Flame              Hex/Fire       6%         N/A       34%         3
 Volatile Blastmotes      Fire/Tloc      12%        2d11      34%         3
 Flame Wave               Conj/Fire      8%         2d5       65%         4


Dungeon Overview and Level Annotations

Branches:
Dungeon (1/15)

Altars:


Innate Abilities, Weirdness & Mutations

You are faintly shadowed, very rarely releasing foul flame when damaged in melee.


Message History

You are too injured to fight recklessly!
You are too injured to fight recklessly!
You are too injured to fight recklessly!
Hit: c) +0 club
Press: ? - help, Dir - move target, f - dart slug
Aim: a dart slug (umbra, about 7% to evade your +0 club)
You hit the dart slug.
The dart slug is moderately wounded.
The kobold hits you with a +0 club. The dart slug misses you.
The kobold hits you but does no damage.
Hit: c) +0 club
Press: ? - help, Dir - move target, f/p - dart slug
Aim: a dart slug (moderately wounded, umbra, about 7% to evade your +0 club)
You hit the dart slug.
The dart slug is heavily wounded.
The kobold misses you. The dart slug bites you.
Hit: c) +0 club
Press: ? - help, Dir - move target, f/p - dart slug
Aim: a dart slug (heavily wounded, umbra, about 7% to evade your +0 club)
You hit the dart slug.
The dart slug is severely wounded.
The kobold completely misses you. The dart slug launches a dart at you.
The slug dart hits you.
* * * LOW HITPOINT WARNING * * *
Hit: c) +0 club
Press: ? - help, Dir - move target, f/p - dart slug
Aim: a dart slug (severely wounded, umbra, about 7% to evade your +0 club)
You hit the dart slug.
The dart slug is severely wounded.
The kobold closely misses you. The kobold hits you but does no damage.
The dart slug bites you.
* * * LOW HITPOINT WARNING * * *
Hit: c) +0 club
Press: ? - help, Dir - move target, f/p - dart slug
Aim: a dart slug (severely wounded, umbra, about 7% to evade your +0 club)
You hit the dart slug.
The dart slug is almost dead.
The kobold hits you with a +0 club.
You die...

#......# #......#
#...>..# ###......#
........# # #......# ##
#.K†w.[# .## #@.# ..##
#.## ...## #.# ....##
########.# .....##
.........######
#....[#########.[##...#
##..ß............##...#
.##...<..........##...#
##..>............##...#


You could see a dart slug and a kobold.

Vanquished Creatures
  2 endoplasms (D:1)
  4 giant cockroaches (D:1)
  A goblin (D:1)
  A hobgoblin (D:1)
  2 ball pythons (D:1)
  2 bats (D:1)
  2 kobolds (D:1)
  A rat (D:1)
15 creatures vanquished.

Vanquished Creatures (others)
  33 foxfires (D:1)
33 creatures vanquished.

Grand Total: 48 creatures vanquished

Notes
Turn   | Place    | Note
-------+----------+-------------------------------------------
     0 | D:1      | Essalna the Demonspawn Fire Elementalist began the quest
                  | for the Orb.
     0 | D:1      | Reached XP level 1. HP: 13/13 MP: 3/3
   347 | D:1      | Gained mutation: You are faintly shadowed, very rarely
                  | releasing foul flame when damaged in melee. [demonic
                  | ancestry]
   347 | D:1      | Reached XP level 2. HP: 14/20 MP: 5/5
   524 | D:1      | HP: 1/20 [dart slug (1)]
   525 | D:1      | Slain by a kobold

Illustrated notes

Levels and vault maps discovered:
D:1:      psy_arrival_spokes, layout_rooms

Action                     || total
---------------------------++-------
  Melee: Club              ||    23
   Cast: Foxfire           ||    23
   Stab: Sleeping          ||     2
 Armour: Robe              ||    33
  Dodge: Dodged            ||    29

Table legend: (Time is in decaauts)
 A = Elapsed time spent in this place.
 B = Non-inter-level travel time spent in this place.
 C = Inter-level travel time spent in this place.
 D = Time resting spent in this place.
 E = Time spent auto-exploring this place.
 F = Levels seen in this place.
 G = Mean time per level.
                   A        B        C        D        E       F      G
               +--------+--------+--------+--------+--------+-----+--------+
         Total |    531 |    531 |      0 |      0 |    399 |   1 |  531.0 |
       Dungeon |    531 |    531 |      0 |      0 |    399 |   1 |  531.0 |
               +--------+--------+--------+--------+--------+-----+--------+

Top non-repeatable levels by time:
     D:1: 531 daAuts
